 Dungeon Crawl Stone Soup version 0.30-a0-808-g6e0788376e (webtiles) character file.

Game seed: 15638344200700206647

4673 cforsyth the Covert (level 10, 0/58 HPs)
             Began as a Kobold Brigand on Feb 27, 2023.
             Was a Follower of Hepliaklqana.
             Slain by a gnoll sergeant
             ... wielding a +0 spear
              (10 damage)
             ... on level 9 of the Dungeon.
             The game lasted 00:11:59 (9454 turns).

cforsyth the Covert (Kobold Brigand)                Turns: 9454, Time: 00:12:00

Health: 0/58       AC:  6    Str:  9    XL:     10   Next: 71%
Magic:  10/10      EV: 21    Int: 13    God:    Hepliaklqana [*.....]
Gold:   331        SH:  0    Dex: 20    Spells: 9/9 levels left

rFire   . . .      SeeInvis .    I - +0 demon blade (vamp)
rCold   . . .      Faith    .    (no shield)
rNeg    . . .      Spirit   .    b - +0 robe
rPois   .          Reflect  .    (no helmet)
rElec   .          Harm     .    c - +1 cloak
rCorr   .          Rampage  .    M - +0 pair of gloves
Will    .....                    C - +0 pair of boots
Stlth   ++++++                   (no amulet)
HPRegen 0.29/turn                p - +4 ring of slaying
MPRegen 0.12/turn                o - +4 ring of slaying

@: no status effects
A: reduced essence, small, no large weapons, nightstalker 3
a: Renounce Religion, Recall Ancestor, Ancestor Identity


You were on level 9 of the Dungeon.
You worshipped Hepliaklqana.
Hepliaklqana was aware of your devotion.
You visited 2 branches of the dungeon, and saw 10 of its levels.
You also visited: Sewer.

You collected 331 gold pieces.

Inventory:

Hand Weapons
 a - a +3 dagger
 f - a +0 rapier
 I - a +0 vampiric demon blade (weapon)
Missiles
 d - 34 poisoned darts (quivered)
 e - 3 curare-tipped darts
Armour
 b - a +0 robe (worn)
 c - a +1 cloak (worn)
 C - a +0 pair of boots (worn)
 M - a +0 pair of gloves (worn)
Jewellery
 i - a ring of protection from fire
 o - a +4 ring of slaying (right hand)
 p - a +4 ring of slaying (left hand)
 v - a ring of willpower
 H - a ring of magical power
 L - a ring of ice
 N - an amulet of faith
Wands
 E - a wand of flame (4)
 J - a wand of mindburst (13)
Scrolls
 g - 3 scrolls of amnesia
 h - a scroll of fear
 j - 2 scrolls of silence {unknown}
 k - 6 scrolls of teleportation
 n - 2 scrolls of enchant armour
 r - 3 scrolls of magic mapping
 t - 2 scrolls of fog {unknown}
 u - a scroll of poison {unknown}
 x - a scroll of acquirement {unknown}
 y - a scroll of brand weapon {unknown}
 A - 6 scrolls of identify
 D - a scroll of immolation {unknown}
 G - a scroll of blinking
 O - a scroll of enchant weapon
 P - a scroll of vulnerability {unknown}
Potions
 l - a potion of heal wounds {unknown}
 m - 2 potions of invisibility {unknown}
 q - 8 potions of curing
 s - 2 potions of mutation {unknown}
 w - a potion of flight {unknown}
 z - a potion of might {unknown}
 B - a potion of ambrosia {unknown}
 F - 3 potions of lignification {unknown}
 K - a potion of degeneration {unknown}


   Skills:
 + Level 8.5 Fighting
 - Level 7.5(8.7) Short Blades
 + Level 4.1(5.2) Long Blades
 - Level 2.1 Throwing
 + Level 9.0 Dodging
 + Level 11.9 Stealth


You had 9 spell levels left.
You didn't know any spells.
Your spell library contained the following spells:

 Spells                   Type           Power      Damage    Failure   Level
 Ensorcelled Hibernation  Hex/Ice        0%         N/A       43%         2
 Spider Form              Tmut/Pois      0%         N/A       67%         3
 Anguish                  Hex/Necr       0%         N/A       97%         4


Dungeon Overview and Level Annotations

Branches:
Dungeon (9/15)             Temple (1/1) D:7           Sewer (visited)
   Lair: D:8-11         Orc: D:9-12

Altars:
Ashenzari
Cheibriados
Dithmenos
Elyvilon
Fedhas
Gozag
Hepliaklqana
Nemelex Xobeh
Okawaru
Qazlal
Ru
Sif Muna
Trog
Uskayaw
Vehumet
Wu Jian
Xom
Yredelemnul
Zin
The Shining One

Annotations:
D:4 3 runed translucent doors, demibob's ghost, amateur MfGl
D:8 2 transporters


Innate Abilities, Weirdness & Mutations

Your life essence is reduced to manifest your ancestor. (-10% HP)
You are small and have problems with some larger weapons.
You are completely attuned to the shadows.


Message History

You hit the orc.
You feel better.
The orc is severely wounded.
The orc closely misses you. The orc completely misses you.
The gnoll sergeant closely misses you. The gnoll misses you.
You slash the orc!
You feel better.
You kill the orc!
Octavia seems less confused.
The gnoll barely misses you. The orc completely misses you.
The gnoll sergeant misses you.
You slash the gnoll!
The gnoll is severely wounded.
The orc misses you.
The gnoll hits you with a +2 heavy flail.
The gnoll completely misses you.
The gnoll sergeant hits you from afar with a +0 spear.
You barely miss the gnoll.
The gnoll is severely wounded.
Octavia closely misses the gnoll.
The orc hits you with a +0 mace. The gnoll barely misses you.
The gnoll hits you from afar with a +0 spear.
The gnoll sergeant hits you from afar with a +0 spear.
You are too injured to fight recklessly!
You are too injured to fight recklessly!
You are too injured to fight recklessly!
You are too injured to fight recklessly!
You slash the gnoll!
You kill the gnoll!
The gnoll sergeant hits you from afar with a +0 spear!
* * * LOW HITPOINT WARNING * * *
The gnoll hits Octavia with a +0 club.
The gnoll hits you but does no damage. The orc hits you with a +0 mace.
* * * LOW HITPOINT WARNING * * *
The gnoll attacks as you move away! The gnoll completely misses you.
Octavia hits the gnoll.
There is a stone staircase leading down here.
You slash the gnoll!
You kill the gnoll!
Octavia closely misses the orc.
The gnoll sergeant hits you from afar with a +0 spear!
You die...

#......
#.....# +##
#.....# ..#
##.....##g.##
....<..@o)...
........Rg...
........)....
#########.###
+#


You could see the friendly Octavia the ancestor, a gnoll sergeant (reflecting),
a gnoll and an orc (ally target).

Vanquished Creatures
  Pikel (D:4)
  Prince Ribbit (D:7)
  A wyvern (D:8)
  4 hogs (D:7)
  A human (D:7)
  A steam dragon (D:7)
  An orc warrior (D:8)
  2 sky beasts
  3 ogres
  2 lemures
  3 phantoms
  2 centaurs
  2 kobold brigands (Sewer)
  A bullfrog (D:7)
  6 scorpions
  8 wights
  A howler monkey (D:5)
  3 orc priests
  4 hounds
  2 gnoll boudas
  3 iguanas
  7 orc wizards
  19 gnolls
  3 river rats (Sewer)
  10 adders
  3 white imps
  3 ufetubi
  7 worms
  3 dart slugs
  20 orcs
  12 endoplasms
  2 giant cockroaches
  4 goblins
  4 hobgoblins
  3 jackals (D:1)
  11 kobolds
  4 quokkas
  10 ball pythons
  4 bats
  7 rats
  A butterfly (D:3)
189 creatures vanquished.

Vanquished Creatures (collateral kills)
  A hornet (D:8)
1 creature vanquished.

Grand Total: 190 creatures vanquished

Notes
Turn   | Place    | Note
-------+----------+-------------------------------------------
     0 | D:1      | cforsyth the Kobold Brigand began the quest for the Orb.
     0 | D:1      | Reached XP level 1. HP: 12/12 MP: 1/1
   105 | D:1      | Reached XP level 2. HP: 18/18 MP: 2/2
  1112 | D:2      | Found a shimmering altar of Xom.
  1291 | D:2      | Reached XP level 3. HP: 20/22 MP: 3/3
  1838 | D:3      | Reached XP level 4. HP: 21/27 MP: 4/4
  1885 | D:3      | Found a glowing drain.
  1897 | D:3      | Reached skill level 6 in Stealth
  1910 | Sewer    | Entered a sewer
  2114 | Sewer    | Reached XP level 5. HP: 25/32 MP: 5/5
  2176 | Sewer    | Noticed a kobold brigand
  2297 | Sewer    | Killed a kobold brigand
  2441 | Sewer    | Reached XP level 6. HP: 32/37 MP: 6/6
  3050 | D:3      | Found a shimmering altar of Xom.
  3074 | D:3      | Reached skill level 7 in Stealth
  3209 | D:3      | Found a radiant altar of Vehumet.
  3355 | D:3      | Reached skill level 5 in Short Blades
  3831 | D:4      | Found a runed translucent gate.
  3831 | D:4      | Found a runed translucent gate.
  3831 | D:4      | Found a runed translucent gate.
  3939 | D:4      | Noticed Pikel
  4370 | D:4      | Reached XP level 7. HP: 43/43 MP: 7/7
  4630 | D:4      | Identified the +1 dagger of Mourning {venom, rF+}
  4771 | D:4      | Killed Pikel
  4772 | D:4      | Reached skill level 5 in Fighting
  4772 | D:4      | Reached skill level 5 in Dodging
  4772 | D:4      | Reached skill level 8 in Stealth
  4772 | D:4      | Reached XP level 8. HP: 6/49 MP: 8/8
  5208 | D:4      | Noticed demibob's ghost (amateur MfGl)
  5256 | D:4      | Found a stormy altar of Qazlal.
  5342 | D:5      | Entered Level 5 of the Dungeon
  5662 | D:5      | Found a hide-covered altar of Uskayaw.
  5684 | D:5      | Reached skill level 9 in Stealth
  5836 | D:5      | Reached XP level 9. HP: 55/55 MP: 9/9
  6242 | D:5      | Reached skill level 1 in Long Blades
  6405 | D:6      | Reached skill level 10 in Stealth
  6931 | D:6      | Found a bloodstained altar of Trog.
  7330 | D:7      | Noticed Prince Ribbit
  7340 | D:7      | Killed Prince Ribbit
  7478 | D:7      | Reached XP level 10. HP: 63/63 MP: 10/10
  7518 | D:7      | Reached skill level 11 in Stealth
  7750 | D:7      | Found a staircase to the Ecumenical Temple.
  7786 | Temple   | Entered the Ecumenical Temple
  8383 | D:8      | Found a transporter.
  8423 | D:8      | Found a hazy altar of Hepliaklqana.
  8432 | D:8      | Found a broken altar of Ashenzari.
  8441 | D:8      | Became a worshipper of Hepliaklqana the Forgotten
  8837 | D:8      | Found a transporter.
  9109 | D:8      | Reached * piety under Hepliaklqana
  9454 | D:9      | Slain by a gnoll sergeant

Illustrated notes

Levels and vault maps discovered:
D:1:      tekkud_arrival_beachfront_property, layout_basic, chequers_garden
D:2:      layout_rooms, basic_altar, hex_medium, patterned_corridor
D:3:      layout_loops_ring, vehumet_crystals, xom_butterflies,
          cheibrodos_sewer_entry_bend, nicolae_eternal_life
D:4:      layout_loops_ring, nicolae_qazlal_general_emergency,
          biasface_ghost_orc_armoury, uniq_pikel
D:5:      layout_loops_ring, nicolae_uskayaw_suspiria
D:6:      layout_rooms, trog_hazing_becter, chequers_serial_rivers_small_b
D:7:      layout_basic, minmay_temple_entry_statues, minmay_statues_item,
          solitary_fountain, minivault_11, grunt_livestock, uniq_prince_ribbit1
D:8:      layout_loops_corners, minitemple, gammafunk_ghost_abyssal_escape
D:9:      layout_gridville, ebering_ghost_xom, grunt_decor_resistance,
          uniq_gastronok
Temple:   hellmonk_temple_forest_ring

Skill      XL: |  1  2  3  4  5  6  7  8  9 10 |
---------------+-------------------------------+-----
Short Blades   | 3 4 5 6 7 |  7.5
Dodging        | 2 3 5 6 7 9 |  9.0
Fighting       | 3 4 5 6 7 8 |  8.5
Stealth        | 6 7 8 9 10 11 | 11.9
Long Blades    | 2 4 |  4.1
Throwing       | |  2.1

Action                     |  1- 3 |  4- 6 |  7- 9 | 10-12 || total
---------------------------+-------+-------+-------+-------++-------
  Melee: Dagger            |    71 |   182 |    82 |       ||   335
         Punch             |       |     1 |     3 |     2 ||     6
         Demon blade       |       |       |   115 |   111 ||   226
    Use: Scroll            |     7 |       |       |       ||     7
         Potion            |       |       |     2 |       ||     2
   Stab: Sleeping          |    16 |    22 |    23 |    11 ||    72
         Distracted        |       |       |     1 |     1 ||     2
 Armour: Robe              |    12 |    20 |    28 |    20 ||    80
  Dodge: Dodged            |    40 |    61 |   164 |   128 ||   393

Table legend: (Time is in decaauts)
 A = Elapsed time spent in this place.
 B = Non-inter-level travel time spent in this place.
 C = Inter-level travel time spent in this place.
 D = Time resting spent in this place.
 E = Time spent auto-exploring this place.
 F = Levels seen in this place.
 G = Mean time per level.
                   A        B        C        D        E       F      G
               +--------+--------+--------+--------+--------+-----+--------+
         Total |   9626 |   9243 |    383 |    713 |   6987 |  11 |  875.1 |
       Dungeon |   8225 |   7860 |    365 |    613 |   6001 |   9 |  913.9 |
        Temple |    162 |    144 |     18 |      0 |    133 |   1 |  162.0 |
         Sewer |   1238 |   1238 |      0 |    100 |    852 |   1 | 1238.0 |
               +--------+--------+--------+--------+--------+-----+--------+

Top non-repeatable levels by time:
     D:3: 1350 daAuts
     D:4: 1254 daAuts
   Sewer: 1238 daAuts
     D:8: 1105 daAuts
     D:7: 1096 daAuts
     D:5: 1095 daAuts
     D:1: 968 daAuts
     D:2: 694 daAuts
     D:6: 639 daAuts
  Temple: 162 daAuts
     D:9: 20 daAuts
